 Dungeon Crawl Stone Soup version 0.29.0-7-g18a832c13a (webtiles) character file.

Game seed: 10861230559194363388

4589 SnakkuSnakku7 the Spear-Bearer (level 10, -3/46 HPs)
             Began as a Djinni Chaos Knight on Aug 31, 2022.
             Was a Plaything of Xom.
             Slain by a gnoll
             ... wielding a +0 halberd of electrocution
              (20 damage)
             ... in a bailey.
             The game lasted 00:15:17 (9335 turns).

SnakkuSnakku7 the Spear-Bearer (DjCK)               Turns: 9335, Time: 00:15:18

Health: -3/46      AC: 11    Str: 14      XL:     10   Next: 68%
Gold:   476        EV: 11    Int: 18 (19) God:    Xom [...*..] SH:  0 Dex:  8 (11)

rFire   + + +      SeeInvis .   a - +3 halberd (elec)
rCold   x . .      Faith    .   (shield currently unavailable)
rNeg    . . .      Spirit   .   b - +2 leather armour
rPois   ∞          Reflect  .   (helmet restricted)
rElec   .          Harm     .   C - +1 cloak of Limitation {rF+}
rCorr   .          Rampage  .   (no gloves)
Will    +....                   (boots unavailable)
Stlth   +.........              (no amulet)
HPRegen 0.15/turn               n - +4 ring of protection
MPRegen 0.00/turn               (no ring)

@: flying
A: sickness immunity, fire resistance 2, cold vulnerability 1, float, innate
caster, HP casting, extra vitality 1, horns 1, clever 1, frail 3
a: Renounce Religion


You were in a bailey.
You worshipped Xom.
You were a favourite toy of Xom.
You visited 1 branch of the dungeon, and saw 9 of its levels.
You also visited: Bailey.

You collected 538 gold pieces.
You spent 62 gold pieces at shops.

Inventory:

Hand Weapons
 a - a +3 halberd of electrocution (weapon)
 r - a +4 vorpal spear
 G - a +0 halberd of electrocution
 H - a +4 halberd
 J - a +1 halberd of draining
Missiles
 g - 6 curare-tipped darts (quivered)
 m - 6 silver javelins
 v - 21 poisoned darts
Armour
 b - a +2 leather armour (worn)
 C - the +1 cloak of Limitation (worn) {rF+}
   (Xom gifted it to you on level 7 of the Dungeon)

   rF:        It protects you from fire.
 F - a +2 helmet
Jewellery
 n - a +4 ring of protection (left hand)
 w - a +6 ring of dexterity
Wands
 o - a wand of acid (12)
 B - a wand of mindburst (3)
 D - a wand of digging (9)
Scrolls
 d - a scroll of vulnerability
 h - a scroll of enchant armour
 j - a scroll of poison
 k - 2 scrolls of teleportation
 l - 2 scrolls of acquirement {unknown}
 p - a scroll of butterflies
 t - a scroll of enchant weapon
 u - a scroll of brand weapon {unknown}
 x - 2 scrolls of magic mapping
 y - 2 scrolls of torment {unknown}
 z - a scroll of summoning {unknown}
 A - a scroll of silence {unknown}
Potions
 e - 4 potions of haste {unknown}
 f - 3 potions of curing
 i - 3 potions of attraction
 q - a potion of heal wounds
 s - 2 potions of resistance
 E - a potion of cancellation {unknown}
 I - a potion of mutation
Miscellaneous
 c - a piece from Xom's chessboard (15/15)


   Skills:
 - Level 3.0 Fighting
 - Level 4.2 Maces & Flails
 + Level 12.0 Polearms
 - Level 1.0 Armour
 - Level 2.1 Dodging


You couldn't memorise any spells.
You knew the following spells:

 Your Spells              Type           Power      Damage    Failure   Level
a - Necrotise             Necr           0%         1d4       26%         1
b - Scorch                Fire           0%         2d5       38%         2
c - Teleport Other        Tloc           0%         N/A       63%         3
d - Portal Projectile     Hex/Tloc       0%         N/A       63%         3
Your spell library was empty.

Dungeon Overview and Level Annotations

Branches:
Dungeon (9/15)             Temple (0/1) D:5          Bailey (1/1)
   Lair: D:8-11         Orc: D:9-12

Altars:
Fedhas
Ru
Uskayaw
Xom

Shops:
D:1 ?==(?   D:3 ?   D:8 (*(

Annotations:
D:4 2 transporters, Flarelocke's ghost, amateur MiFi


Innate Abilities, Weirdness & Mutations

You are immune to sickness and miasma.
You are immune to poison.
Your flesh is very heat resistant. (rF++)
You are vulnerable to cold. (rC-)
You float through the air rather than walking.
You learn spells naturally, not from books.
Your magical power is your life essence.
You have superior vitality. (+4 MHP)
You have a pair of small horns on your head.
Your mind is acute. (Int +4, Str/Dex -1)
You are extremely frail. (-30% HP)


Message History

Things that are here:
a +0 trident; a +0 ring mail; an orc corpse
There is an open door here.
You reach down and open the door.
There is an open door here.
No target in view!
No target in view!
You reach down and open the door.
There is an open door here.
No target in view!
You reach down and open the door.
There is an open door here.
No target in view!
You reach down and open the door.
A gnoll comes into view.
It is wielding a +1 halberd of electrocution.
The gnoll closely misses you.
The gnoll hits you with a +1 halberd of electrocution!
You are electrocuted!!
There is an open door here.
You are too injured to fight recklessly!
You are too injured to fight recklessly!
You are too injured to fight recklessly!
You hit the gnoll.
The gnoll is moderately wounded.
The gnoll hits you with a +1 halberd of electrocution.
You puncture the gnoll! Lightning courses through the gnoll!
You kill the gnoll!
Things that are here:
a +1 halberd of electrocution; a gnoll corpse
There is an open door here.
There is an open door here.
You start resting.
A gnoll is nearby!
The gnoll hits you from afar with a +0 halberd of electrocution.
There is an open door here.
You reach to attack!
You closely miss the gnoll.
You reach to attack!
You barely miss the gnoll.
The gnoll hits you from afar with a +0 halberd of electrocution!
You are electrocuted!!
You die...

### ### ####
### #'#
#g#.###)###)#
+###'##'##'##
##.....##
###.....###
#.'..⌠..'.#
###.....###
##.....##
+###@##'##'##
#)g.###.###)#
##### ### ###


You could see a gnoll.

Vanquished Creatures
  The ghost of Tollund the Changer, a novice OpTm of the Shining One (D:7)
  Psyche (D:8)
  2 wyverns (D:9)
  6 yaks
  A steam dragon (D:9)
  2 water moccasins (D:8)
  An ice beast (D:7)
  2 sky beasts
  3 black bears
  2 ogres (D:6)
  A phantom (D:6)
  3 scorpions
  9 wights (D:7)
  5 killer bees (D:8)
  4 howler monkeys
  4 hounds
  An orc priest (D:5)
  3 jellies
  A gnoll bouda (D:9)
  3 iguanas
  Robin (D:3)
  12 gnolls
  2 adders
  A shadow imp (D:5)
  A worm (D:5)
  2 dart slugs
  17 orcs
  An endoplasm (D:2)
  4 giant cockroaches
  16 goblins
  7 hobgoblins
  2 jackals (D:2)
  4 quokkas
  3 ball pythons
  6 bats
  4 frilled lizards
  A kobold (D:2)
  6 rats
145 creatures vanquished.

Vanquished Creatures (others)
  5 toadstools (D:1)
5 creatures vanquished.

Grand Total: 150 creatures vanquished

Notes
Turn   | Place    | Note
-------+----------+-------------------------------------------
     0 | D:1      | SnakkuSnakku7 the Djinni Chaos Knight began the quest for
                  | the Orb.
     0 | D:1      | Reached XP level 1. HP: 20/20 MP: 0/0
    70 | D:1      | Found a faded altar of an unknown god.
   103 | D:1      | Reached XP level 2. HP: 21/25 MP: 0/0
   212 | D:1      | Found Menaxu's Jewellery Boutique.
   228 | D:1      | XOM: silly message
   263 | D:1      | Reached XP level 3. HP: 27/30 MP: 0/0
   263 | D:1      | Learned a level 1 spell: Necrotise
   266 | D:1      | Found Seuf's Jewellery Shoppe.
   294 | D:1      | Found Ruenikhli's Magic Scroll Shoppe.
   302 | D:1      | Bought a scroll of identify for 24 gold pieces
   362 | D:1      | Found Isysothruit's Weapon Emporium.
   408 | D:1      | XOM: god gift: book of Alchemy
   503 | D:1      | Found Yrilaymim's Magic Scroll Emporium.
   748 | D:2      | XOM: silly message
  1019 | D:2      | XOM: silly message
  1235 | D:2      | XOM: cloud trail
  1512 | D:3      | Reached XP level 4. HP: 35/35 MP: 0/0
  1569 | D:3      | Noticed Robin
  1599 | D:3      | XOM: noise
  1612 | D:3      | Killed Robin
  1628 | D:3      | XOM: smoke on damage
  1725 | D:3      | XOM: noise
  1728 | D:3      | Found Iryciu Ofuirgh's Magic Scroll Emporium.
  1851 | D:3      | XOM: cloud trail
  1887 | D:3      | Bought a scroll of noise for 12 gold pieces
  2067 | D:3      | XOM: 6-stop teleportation journey
  2432 | D:3      | Found a blossoming altar of Fedhas.
  2465 | D:3      | XOM: cloud trail
  2617 | D:3      | XOM: give mutations
  2617 | D:3      | Gained mutation: You occasionally lose the ability to read
                  | scrolls when taking damage. [Xom's mischief]
  2617 | D:3      | Gained mutation: You have a pair of small horns on your
                  | head. [Xom's mischief]
  2617 | D:3      | Gained mutation: Potions are less effective at restoring
                  | your health. [Xom's mischief]
  2941 | D:4      | Noticed Flarelocke's ghost (amateur MiFi)
  2941 | D:4      | Noticed an ogre
  2942 | D:4      | Found a transporter.
  2942 | D:4      | Noticed an ogre
  2963 | D:4      | Reached skill level 1 in Polearms
  2963 | D:4      | Reached XP level 5. HP: 34/40 MP: 0/0
  2963 | D:4      | Learned a level 2 spell: Scorch
  2990 | D:4      | Found a transporter.
  3005 | D:4      | XOM: confuse monster(s)
  3009 | D:4      | Reached skill level 2 in Polearms
  3142 | D:4      | You are sucked into a shaft and drop 2 floors!
  3231 | D:6      | Reached XP level 6. HP: 46/46 MP: 0/0
  3231 | D:6      | Noticed an ogre
  3233 | D:6      | Noticed a black bear
  3233 | D:6      | XOM: 6-stop teleportation journey
  3235 | D:6      | XOM: give mutations
  3235 | D:6      | Gained mutation: You are frail. (-10% HP) [Xom's mischief]
  3235 | D:6      | Gained mutation: You are weak. (Str -2) [Xom's mischief]
  3237 | D:6      | Noticed an ogre
  3258 | D:6      | Killed a black bear
  3259 | D:6      | Reached skill level 3 in Polearms
  3266 | D:6      | Killed an ogre
  3267 | D:6      | Reached skill level 4 in Polearms
  3267 | D:6      | Reached XP level 7. HP: 24/45 MP: 0/0
  3267 | D:6      | Learned a level 3 spell: Teleport Other
  3269 | D:6      | XOM: destruction
  3282 | D:6      | XOM: summons 4 hostile demons
  3365 | D:6      | Reached skill level 5 in Polearms
  3530 | D:6      | XOM: give mutations
  3530 | D:6      | Gained mutation: You are very frail. (-20% HP) [Xom's
                  | mischief]
  3530 | D:6      | Lost mutation: Potions are less effective at restoring your
                  | health. [Xom's mischief]
  3530 | D:6      | Gained mutation: You are dopey. (Int -2) [Xom's mischief]
  3530 | D:6      | Lost mutation: You have a pair of small horns on your head.
                  | [Xom's mischief]
  3597 | D:6      | Lost mutation: You are weak. (Str -2) [potion of mutation]
  3597 | D:6      | Lost mutation: You occasionally lose the ability to read
                  | scrolls when taking damage. [potion of mutation]
  3597 | D:6      | Lost mutation: You are dopey. (Int -2) [potion of mutation]
  3597 | D:6      | Gained mutation: Your body sometimes deteriorates upon
                  | taking damage. [potion of mutation]
  3597 | D:6      | Gained mutation: You occasionally lose the ability to read
                  | scrolls when taking damage. [potion of mutation]
  3597 | D:6      | Gained mutation: You are agile. (Dex +4, Str/Int -1)
                  | [potion of mutation]
  3614 | D:6      | XOM: enchant monster (good)
  3942 | D:6      | Reached XP level 8. HP: 41/44 MP: 0/0
  4178 | D:5      | Entered Level 5 of the Dungeon
  4224 | D:5      | Reached skill level 6 in Polearms
  4303 | D:5      | XOM: confusion
  4308 | D:5      | XOM: swap monsters
  4337 | D:5      | XOM: swap monsters
  4339 | D:5      | XOM: enchant monster (bad)
  4667 | D:5      | Found a hide-covered altar of Uskayaw.
  4678 | D:5      | Found a sacrificial altar of Ru.
  4792 | D:5      | Found a staircase to the Ecumenical Temple.
  5362 | D:7      | XOM: stat loss: -1 Int (13/14)
  5367 | D:7      | Reached skill level 7 in Polearms
  5476 | D:7      | XOM: give mutations
  5476 | D:7      | Gained mutation: Your spells are a little harder to cast,
                  | but a little more powerful. [Xom's grace]
  5476 | D:7      | Gained mutation: Your spells are harder to cast, but more
                  | powerful. [Xom's grace]
  5476 | D:7      | Gained mutation: You are partially covered in iridescent
                  | scales. (AC +2) [Xom's grace]
  5476 | D:7      | Lost mutation: You are very frail. (-20% HP) [Xom's grace]
  5582 | D:7      | Reached XP level 9. HP: 16/54 MP: 0/0
  5582 | D:7      | Learned a level 3 spell: Portal Projectile
  5794 | D:7      | Identified the +1 cloak of Limitation {rF+} (Xom gifted it
                  | to you on level 7 of the Dungeon)
  5794 | D:7      | XOM: god gift: +1 cloak of Limitation {rF+}
  5802 | D:7      | XOM: god gift: atropa-tipped dart
  5804 | D:7      | XOM: confuse monster(s)
  5805 | D:7      | Reached skill level 8 in Polearms
  5856 | D:7      | XOM: 6-stop teleportation journey
  5917 | D:7      | XOM: silly message
  5952 | D:7      | XOM: enchant monster (bad)
  5955 | D:7      | XOM: smoke on damage
  5992 | D:7      | XOM: confusion
  6104 | D:7      | XOM: torment (25/54 hp)
  6187 | D:7      | Reached skill level 9 in Polearms
  6235 | D:7      | XOM: give mutations
  6235 | D:7      | Lost mutation: Your body sometimes deteriorates upon taking
                  | damage. [Xom's mischief]
  6235 | D:7      | Gained mutation: You are very frail. (-20% HP) [Xom's
                  | mischief]
  6235 | D:7      | Lost mutation: You occasionally lose the ability to read
                  | scrolls when taking damage. [Xom's mischief]
  6494 | D:7      | Found a runed translucent gate.
  6494 | D:7      | Found a runed translucent gate.
  6494 | D:7      | Found a runed translucent gate.
  6497 | D:7      | Noticed Tollund's ghost (novice OpTm)
  6506 | D:7      | XOM: fog
  6509 | D:7      | XOM: torment (25/48 hp)
  6518 | D:7      | XOM: noise
  6526 | D:7      | XOM: enchant monster (bad)
  6527 | D:7      | Killed Tollund's ghost
  6862 | D:7      | XOM: give mutation
  6862 | D:7      | Gained mutation: You have a pair of small horns on your
                  | head. [Xom's mischief]
  7016 | D:7      | XOM: summons 5 hostile demons
  7175 | D:8      | Reached skill level 10 in Polearms
  7330 | D:8      | Found Ficw's Antique Weapon Shop.
  7436 | D:8      | XOM: enchant monster (bad)
  7447 | D:8      | Reached XP level 10. HP: 19/53 MP: 0/0
  7462 | D:8      | XOM: scenery: create altars
  7542 | D:8      | Noticed Psyche
  7542 | D:8      | XOM: 2-stop teleportation journey
  7606 | D:8      | XOM: summons 4 hostile demons
  7607 | D:8      | Noticed an ice devil
  7607 | D:8      | Noticed a rust devil
  7766 | D:8      | XOM: enchant monster (bad)
  7776 | D:8      | Killed Psyche
  7777 | D:8      | Reached skill level 11 in Polearms
  7797 | D:8      | XOM: silly message
  7814 | D:8      | Found Sacumn's Assorted Antiques.
  7820 | D:8      | Bought an emerald potion for 26 gold pieces
  7829 | D:8      | XOM: give mutations
  7829 | D:8      | Gained mutation: You are extremely frail. (-30% HP) [Xom's
                  | mischief]
  7829 | D:8      | Gained mutation: Your body sometimes deteriorates upon
                  | taking damage. [Xom's mischief]
  7829 | D:8      | Gained mutation: Your mind is acute. (Int +4, Str/Dex -1)
                  | [Xom's mischief]
  7829 | D:8      | Gained mutation: Your body often deteriorates upon taking
                  | damage. [Xom's mischief]
  7855 | D:8      | Found Mehuum's Weapon Emporium.
  8026 | D:8      | XOM: noise
  8081 | D:8      | XOM: give mutations
  8081 | D:8      | Lost mutation: You are agile. (Dex +4, Str/Int -1) [Xom's
                  | mischief]
  8081 | D:8      | Gained mutation: You occasionally shout uncontrollably at
                  | your foes. [Xom's mischief]
  8081 | D:8      | Lost mutation: You occasionally shout uncontrollably at
                  | your foes. [Xom's mischief]
  8081 | D:8      | Lost mutation: Your spells are harder to cast, but more
                  | powerful. [Xom's mischief]
  8087 | D:8      | XOM: silly message
  8582 | D:9      | XOM: 5-stop teleportation journey
  8735 | D:9      | Found a flagged portal.
  8786 | D:9      | XOM: give mutations
  8786 | D:9      | Lost mutation: Your spells are a little harder to cast, but
                  | a little more powerful. [Xom's mischief]
  8786 | D:9      | Lost mutation: Your body often deteriorates upon taking
                  | damage. [Xom's mischief]
  8821 | D:9      | XOM: give mutations
  8821 | D:9      | Lost mutation: You are partially covered in iridescent
                  | scales. (AC +2) [Xom's mischief]
  8821 | D:9      | Gained mutation: Your body often deteriorates upon taking
                  | damage. [Xom's mischief]
  8821 | D:9      | Lost mutation: Your body often deteriorates upon taking
                  | damage. [Xom's mischief]
  8821 | D:9      | Lost mutation: Your body sometimes deteriorates upon taking
                  | damage. [Xom's mischief]
  8868 | Bailey   | Entered a bailey
  8920 | Bailey   | XOM: 2-stop teleportation journey
  8960 | Bailey   | XOM: summons 2 hostile demons
  9042 | Bailey   | XOM: 2-stop teleportation journey
  9054 | Bailey   | XOM: scenery: 1 fountains blood, 3 doors open
  9073 | Bailey   | Reached skill level 12 in Polearms
  9335 | Bailey   | Slain by a gnoll

Illustrated notes

Levels and vault maps discovered:
D:1:      ldierk_walled_garden, layout_loops_ring,
          ebering_ecumenical_altar_abandoned, serial_shops, nicolae_square_shop,
          shop_fountains, nicolae_shop_waterfront, shop, shop_statue,
          minmay_pentomino_r4
D:2:      layout_basic, minmay_misc_feat_ornament, nicolae_eternal_life
D:3:      layout_basic, marbit_many_paths, serial_shops, shop, uniq_robin
D:4:      layout_basic, gammafunk_ghost_smash
D:5:      layout_loops_ring, minmay_overflow_temple_star_quad,
          minmay_temple_entry_proselytizer
D:6:      cheibrodos_quashed, layout_loops_cross
D:7:      layout_basic, ebering_ghost_rock_garden
D:8:      layout_cave_pods, serial_shops, shop, shop, shop, uniq_psyche
D:9:      layout_basic, enter_bailey_3, nrook_uturn
Bailey:   bailey_polearm_nasty_gnolls, bailey

Skill      XL: |  1  2  3  4  5  6  7  8  9 10 |
---------------+-------------------------------+-----
Maces & Flails | 3 4 |  4.2
Polearms       | 1 2 4 5 7 10 12 | 12.0
Fighting       | |  3.0
Armour         | |  1.0
Dodging        | |  2.1

Action                   |  1- 3 |  4- 6 |  7- 9 | 10-12 || total
-------------------------+-------+-------+-------+-------++-------
Melee: Mace              |    78 |    68 |       |       ||   146
       Spear             |       |    37 |   262 |       ||   299
       Headbutt          |       |     8 |     7 |    14 ||    29
       Punch             |       |       |     3 |       ||     3
       Halberd           |       |       |    20 |   140 ||   160
Throw: Dart              |       |     5 |     4 |       ||     9
Evoke: Wand              |       |       |     2 |     9 ||    11
  Use: Scroll            |     3 |     2 |     8 |     2 ||    15
       Potion            |       |       |     2 |     2 ||     4
 Stab: Sleeping          |     1 |       |       |       ||     1
       Petrifying        |       |       |     2 |       ||     2
       Petrified         |       |       |     2 |       ||     2
       Confused          |       |       |     7 |       ||     7
Armor: Leather armour    |    36 |    58 |   119 |    38 ||   251
       Skin              |       |       |       |    12 ||    12
Dodge: Dodged            |    58 |    73 |   105 |    82 ||   318
